 Dungeon Crawl Stone Soup version 0.29-a0-330-g52719c12eb (webtiles) character file.

Game seed: 926511472732223981

37 Ajdolov the Sneak (level 3, 0/15 HPs)
             Began as a Felid Transmuter on May 5, 2022.
             Slain by an orc
             ... wielding a +0 trident
              (8 damage)
             ... on level 2 of the Dungeon.
             The game lasted 00:01:34 (999 turns).

Ajdolov the Sneak (Felid Transmuter)                 Turns: 999, Time: 00:01:35

Health: 0/15       AC:  1    Str:  6    XL:     3   Next: 23%
Magic:  7/7        EV: 17    Int: 16    God:
Gold:   81         SH:  0    Dex: 16    Spells: 5/6 levels left
                                        Lives:  0   Deaths: 0

rFire   . . .      SeeInvis +     - Unarmed
rCold   . . .      Faith    .   (shield unavailable)
rNeg    . . .      Spirit   .   (body armour unavailable)
rPois   .          Reflect  .   (helmet unavailable)
rElec   .          Harm     .   (cloak unavailable)
rCorr   .          Rampage  .   (gloves unavailable)
Will    .....                   (boots unavailable)
Stlth   +++.......              (no amulet)
HPRegen 0.05/turn               (no ring)
MPRegen 0.10/turn               (no ring)

@: quick
A: very small, claws 1, fangs 3, see invisible, speed 1, shaggy fur 1, stealthy
paws, no weapons or thrown items, no armour, multi-lived
a: no special abilities


You were on level 2 of the Dungeon.
You visited 1 branch of the dungeon, and saw 2 of its levels.

You collected 81 gold pieces.

Inventory:

Scrolls
 b - a scroll of noise {unknown}
 d - a scroll of brand weapon {unknown}
 e - a scroll of identify {unknown}
Potions
 a - a potion of lignification
 c - 2 potions of magic {unknown}
 f - a potion of flight {unknown}


   Skills:
 - Level 1.0 Fighting
 - Level 2.6 Dodging
 - Level 4.0 Stealth
 * Level 3.1 Unarmed Combat
 - Level 2.0 Spellcasting
 + Level 2.3 Transmutations


You had 5 spell levels left.
You knew the following spells:

 Your Spells              Type           Power      Damage    Failure   Level
a - Beastly Appendage     Tmut           18%        N/A       9%          1

Your spell library contained the following spells:

 Spells                   Type           Power      Damage    Failure   Level
 Wereblood                Tmut           9%         N/A       12%         2
 Animate Skeleton         Necr           2%         N/A       21%         1
 Apportation              Tloc           2%         N/A       21%         1
 Summon Small Mammal      Summ           4%         N/A       21%         1
 Spider Form              Tmut/Pois      5%         N/A       36%         3
 Ice Form                 Ice/Tmut       5%         N/A       78%         4


Dungeon Overview and Level Annotations

Branches:
Dungeon (2/15)

Altars:

Shops:
D:2 *

Annotations:
D:1 2 transporters


Innate Abilities, Weirdness & Mutations

You have sharp claws.
You have razor-sharp teeth.
You have supernaturally acute eyesight. (SInv)
You cover ground quickly. (Speed+)
You are covered in fur. (AC +1)
Your paws help you pounce on unaware monsters.
You are incapable of wielding weapons or throwing items.
You cannot wear armour.
You gain extra lives every three experience levels.


Message History

You kill the bat!
No target in view!
Magic restored.
f - a grey potion Your horns disappear.
You now have 81 gold pieces (gained 4).
c - 2 inky potions (gained 1)
An endoplasm comes into view.
Found a fuming ruby potion.
Found Civukis's General Store.
Found a stone staircase leading down.
The helpless endoplasm fails to defend itself.
You claw the endoplasm!
You kill the endoplasm!
An orc comes into view. It is wielding a +0 club.
Found a scroll labelled PYOSSUYCIEXKA.
An orc is nearby! 2 orcs come into view.
A jackal and an orc come into view.
Found 23 stones.
The orc shouts!
You hear a shout!
A jackal comes into view.
The jackal barks!
The orc shouts!
You hear a bark!
You grow a pair of large bovine horns.
Your transformation is almost over.
You scratch the orc. You headbutt the orc.
You kill the orc!
You claw the orc!
You kill the orc!
Your horns disappear.
You see here a bat corpse.
There is a stone staircase leading up here.
The jackal bites you.
You closely miss the jackal. The jackal barely misses you.
The orc hits you from afar with a +0 trident.
The jackal bites you.
The orc hits you from afar with a +0 trident!
Ouch! That really hurt!
You die...

..# ##. ..
#......##. ###.##.#
##........
......####.......##
#..#.##........##
##.#...........#
#........##....# .
#.....o..##.####
#.#<...h...##.#
#.....@....##.#
......†.....##.#
............<#.#
####...........#
#........##.#
#........##.#
#############


You could see an orc and a jackal.

Vanquished Creatures
  2 orcs (D:2)
  5 bats
  4 endoplasms
  3 giant cockroaches (D:1)
  2 goblins (D:1)
  3 hobgoblins (D:1)
  A kobold (D:1)
  A quokka (D:2)
  6 ball pythons (D:1)
  3 frilled lizards (D:1)
  A rat (D:1)
31 creatures vanquished.

Notes
Turn   | Place    | Note
-------+----------+-------------------------------------------
     0 | D:1      | Ajdolov the Felid Transmuter began the quest for the Orb.
     0 | D:1      | Reached XP level 1. HP: 9/9 MP: 4/4
    26 | D:1      | Found a faded altar of an unknown god.
    27 | D:1      | Noticed a floating eye
    29 | D:1      | Noticed a golden eye
    29 | D:1      | Noticed an eye of devastation
    29 | D:1      | Noticed a floating eye
    32 | D:1      | Reached skill level 1 in Stealth
    47 | D:1      | Reached skill level 2 in Stealth
   184 | D:1      | Reached XP level 2. HP: 12/12 MP: 4/6
   307 | D:1      | Reached skill level 3 in Stealth
   675 | D:1      | Reached skill level 4 in Stealth
   702 | D:1      | Reached XP level 3. HP: 15/15 MP: 5/7
   959 | D:2      | Found Civukis's General Store.
   999 | D:2      | Slain by an orc

Illustrated notes

Levels and vault maps discovered:
D:1:      spicycebolla_arrival_teleporter_tutorial, layout_rooms,
          hellmonk_ecumenical_altar_watching_god, nrook_uturn
D:2:      layout_rooms, serial_shops, nicolae_shop_advertising_works
          [nicolae_subvault_shop_adworks]

Skill      XL: |  1  2 |
---------------+-------+-----
Stealth        | 2 4 |  4.0
Fighting       | |  1.0
Dodging        | |  2.6
Unarmed Combat | |  3.1
Spellcasting   | |  2.0
Transmutations | |  2.3

Action                   || total
-------------------------++-------
Melee: Unarmed           ||    62
       Headbutt          ||     9
       Bite              ||     2
 Cast: Beastly Appendage ||    14
 Stab: Sleeping          ||     6
Armor: Skin              ||     8
Dodge: Dodged            ||    61

Table legend: (Time is in decaauts)
 A = Elapsed time spent in this place.
 B = Non-inter-level travel time spent in this place.
 C = Inter-level travel time spent in this place.
 D = Time resting spent in this place.
 E = Time spent auto-exploring this place.
 F = Levels seen in this place.
 G = Mean time per level.
                   A        B        C        D        E       F      G
               +--------+--------+--------+--------+--------+-----+--------+
         Total |    876 |    844 |     32 |      0 |    636 |   2 |  438.0 |
       Dungeon |    876 |    844 |     32 |      0 |    636 |   2 |  438.0 |
               +--------+--------+--------+--------+--------+-----+--------+

Top non-repeatable levels by time:
     D:1: 802 daAuts
     D:2: 74 daAuts
